 Dungeon Crawl Stone Soup version 0.24.0-123-gd5b16e6ec5 (webtiles) character file.

Game seed: 13785019675992903253, levelgen mode: deterministic

95 PentaManta the Bolt Thrower (level 4, -2/26 HPs)
             Began as a Kobold Hunter on Jan 1, 2020.
             Slain by a worker ant (5 damage)
             ... on level 2 of the Dungeon.
             The game lasted 00:04:55 (1203 turns).

PentaManta the Bolt Thrower (Kobold Hunter)         Turns: 1203, Time: 00:04:55

Health: -2/26      AC:  3    Str: 10    XL:     4   Next: 95%
Magic:  4/4        EV: 15    Int: 12    God:
Gold:   17         SH:  0    Dex: 15    Spells: 3/3 levels left

rFire    . . .     SeeInvis .   a - +1 hand crossbow
rCold    . . .     Gourm    .   (shield restricted)
rNeg     . . .     Faith    .   c - +0 leather armour
rPois    .         Spirit   .   (no helmet)
rElec    .         Reflect  .   (no cloak)
rCorr    .         Harm     .   (no gloves)
MR       .....                  (no boots)
Stlth    ++........             (no amulet)
HPRegen  0.08/turn              (no ring)
MPRegen  0.09/turn              (no ring)

@: lethally poisoned (-2 -> -6)
A: small, carnivore
a: no special abilities


You were on level 2 of the Dungeon.
You were hungry.

You visited 1 branch of the dungeon, and saw 2 of its levels.

You collected 17 gold pieces.

Inventory:

Hand Weapons
 a - a +1 hand crossbow (weapon)
 b - a +0 short sword
 k - a +0 hunting sling
Missiles
 d - 37 bolts (quivered)
 e - 12 poisoned darts
 g - 14 stones
 j - 7 atropa-tipped darts
 r - 12 sling bullets
Armour
 c - a +0 leather armour (worn)
Scrolls
 h - a scroll of noise {unknown}
 i - 3 scrolls of fog {unknown}
 l - 5 scrolls of identify {unknown}
 n - a scroll of teleportation {unknown}
 o - a scroll of blinking {unknown}
 p - a scroll of remove curse {unknown}
Comestibles
 f - 5 rations


   Skills:
 - Level 2.1 Fighting
 + Level 1.1(1.4) Slings
 + Level 5.5 Crossbows
 - Level 1.1(1.4) Throwing
 + Level 3.5 Dodging
 + Level 3.1 Stealth


You had 3 spell levels left.
You didn't know any spells.
Your spell library was empty.

Dungeon Overview and Level Annotations

Branches:
Dungeon (2/15)

Altars:


Innate Abilities, Weirdness & Mutations

You are small and have problems with some larger weapons.
You are carnivorous and can eat meat at any time.


Message History

You are too injured to fight recklessly!
Firing (i - inventory. (/) - cycle)
g - 15 stones (quivered)
Press: ? - help, Shift-Dir - straight line, f/p - worker ant
Aim: a worker ant (almost dead)
You shoot a stone.
The stone completely misses the worker ant.
You feel sick.
The worker ant waves its antennae.
The worker ant completely misses you. The worker ant bites you.
* * * LOW HITPOINT WARNING * * *
a - a +1 hand crossbow (weapon)
Firing (i - inventory. (/) - cycle)
d - 38 bolts (quivered)
Press: ? - help, Shift-Dir - straight line, f/p - worker ant
Aim: a worker ant (almost dead)
You shoot a bolt.
The bolt hits the worker ant but does no damage.
The worker ant is almost dead.
* * * LOW HITPOINT WARNING * * *
You feel sick. The worker ant closely misses you. The worker ant bites you.
You die...

#.... ...# .... #..#
#... #..# .# #..# #..# (
#..#####..# . .
#...a..(((# .# .#
######.######.####.#..#
.............a..#..l...#
########.#####@.#.....##
#(# #..((...... #.#
#.##....#.# #.# #.#
(#.## #.# #.# (# # #.#
#.# .# #.# #.. .# ### (#
.#


You could see a worker ant.

Vanquished Creatures
  A howler monkey (D:2)
  A gnoll (D:1)
  An adder (D:2)
  A leopard gecko (D:1)
  A bat (D:1)
  3 giant cockroaches
  8 goblins
  3 hobgoblins (D:1)
  4 jackals (D:1)
  6 frilled lizards
  2 kobolds (D:1)
  6 rats
37 creatures vanquished.

Notes
Turn   | Place    | Note
-------+----------+-------------------------------------------
     0 | D:1      | PentaManta the Kobold Hunter began the quest for the Orb.
     0 | D:1      | Reached XP level 1. HP: 12/12 MP: 1/1
    68 | D:1      | Reached skill level 5 in Crossbows
    68 | D:1      | Reached XP level 2. HP: 17/17 MP: 2/2
   186 | D:1      | Reached skill level 1 in Throwing
   196 | D:1      | Reached XP level 3. HP: 20/21 MP: 3/3
   973 | D:2      | Reached skill level 1 in Slings
   973 | D:2      | Reached XP level 4. HP: 21/26 MP: 4/4
  1005 | D:1      | HP: 1/26 [leopard gecko (5)]
  1203 | D:2      | Slain by a worker ant

Levels and vault maps discovered:
D:1:      dpeg_arrival_castle, layout_basic
D:2:      layout_loops_ring

Skill      XL: |  1  2  3 |
---------------+----------+-----
Crossbows      | 5 |  5.5
Stealth        | 2 3 |  3.1
Throwing       | 1 |  1.1
Dodging        | 3 |  3.5
Slings         | 1 |  1.1
Fighting       | |  2.1

Action                   |  1- 3 |  4- 6 || total
-------------------------+-------+-------++-------
 Fire: Hand crossbow     |    33 |     9 ||    42
       Hunting sling     |    54 |    21 ||    75
  Use: Potion            |       |     2 ||     2
Armor: Leather armour    |     5 |     3 ||     8
Dodge: Dodged            |    31 |    33 ||    64
